 Dungeon Crawl Stone Soup version 0.26-a0-774-g1415c89e12 (webtiles) character file.

Game seed: 2993753281221334671

4843 Chiseanne the Destroyer (level 10, -2/63 HPs)
             Began as a Demonspawn Hedge Wizard on Nov 9, 2020.
             Was an Initiate of Gozag.
             Shot with an arrow by a centaur warrior (13 damage)
             ... on level 9 of the Dungeon.
             The game lasted 00:23:45 (12170 turns).

Chiseanne the Destroyer (Demonspawn Hedge Wizard)  Turns: 12170, Time: 00:23:46

Health: -2/63      AC:  4    Str: 16    XL:     10   Next: 25%
Magic:  15/23      EV: 12    Int: 19    God:    Gozag
Gold:   461        SH: 11    Dex: 13    Spells: 22/28 levels left

rFire    + . .     SeeInvis +   a - +4 dagger (venom)
rCold    . . .     Faith    .   j - +0 buckler of Articulation {*Slow rN+ Slay+2 SInv}
rNeg     + . .     Spirit   .   u - +1 robe
rPois    .         Reflect  .   c - +0 hat
rElec    .         Harm     .   (no cloak)
rCorr    .         Rampage  .   z - +0 pair of gloves
MR       .....                  (no boots)
Stlth    ++........             (no amulet)
HPRegen  0.20/turn              m - ring of protection from fire
MPRegen  0.18/turn              q - +6 ring of strength

@: very slightly contaminated
A: claws 1, large bone plates 2, powered by death 3, rot immunity
a: Potion Petition, Call Merchant, Bribe Branch, Renounce Religion


You were on level 9 of the Dungeon.
You worshipped Gozag.
Gozag was aware of your devotion.
You visited 1 branch of the dungeon, and saw 9 of its levels.

You collected 1279 gold pieces.
You spent 361 gold pieces at shops.
You paid 457 gold pieces to Gozag.

Inventory:

Hand Weapons
 a - a +4 dagger of venom (weapon)
 s - a +2 vorpal flail
 w - a +5 hunting sling of electrocution
Missiles
 i - 136 sling bullets
 n - 7 silver javelins
 v - 27 poisoned darts (quivered)
 x - 59 bolts
Armour
 c - a +0 hat (worn)
 j - the +0 buckler of Articulation (worn) {*Slow rN+ Slay+2 SInv}
   (You bought it in a shop on level 7 of the Dungeon)

   It affects your accuracy and damage with ranged weapons and melee attacks
   (+2).
   It protects you from negative energy.
   It lets you see invisible.
   It may slow you when you take damage.
 u - a +1 robe (worn)
 z - a +0 pair of gloves (worn)
Jewellery
 m - a ring of protection from fire (left hand)
 q - a +6 ring of strength (right hand)
 r - an uncursed ring of resist corrosion
Wands
 k - a wand of random effects (24)
 y - a wand of iceblast (3)
 B - a wand of digging (5)
 D - a wand of polymorph (8)
 H - a wand of paralysis (5)
Scrolls
 e - a scroll of magic mapping
 f - 6 scrolls of teleportation
 h - 8 scrolls of remove curse
 G - a scroll of enchant armour
Potions
 b - a potion of degeneration {unknown}
 d - a potion of flight {unknown}
 g - 2 potions of heal wounds
 l - 6 potions of curing
 o - a potion of haste
 p - 3 potions of mutation
 t - 2 potions of might
 A - a potion of lignification {unknown}
 E - 2 potions of invisibility {unknown}
Miscellaneous
 F - a tin of tremorstones (2/2)


   Skills:
 - Level 1.7 Dodging
 - Level 1.7 Stealth
 - Level 5.0 Shields
 * Level 9.6 Spellcasting
 * Level 10.0 Conjurations
   Level 1.0 Summonings
 - Level 0.8 Translocations


You had 22 spell levels left.
You knew the following spells:

 Your Spells              Type           Power        Failure   Level
a - Magic Dart            Conj           ####         1%          1
b - Blink                 Tloc           N/A          9%          2
d - Mephitic Cloud        Conj/Pois/Air  ###.....     6%          3

Your spell library contained the following spells:

 Spells                   Type           Power        Failure   Level
 Conjure Flame            Conj/Fire      ####....     3%          3
 Animate Skeleton         Necr           #.....       8%          1
 Pain                     Necr           #...         8%          1
 Call Imp                 Summ           ##......     8%          2
 Slow                     Hex            #.......     12%         2
 Vampiric Draining        Necr           #.........   22%         3
 Animate Dead             Necr           #.........   58%         4
 Agony                    Necr           #.......     91%         5


Dungeon Overview and Level Annotations

Branches:
Dungeon (9/15)             Temple (0/1) D:4
   Lair: D:8-11         Orc: D:9-12

Altars:
Ashenzari
Cheibriados
Dithmenos
Gozag
Kikubaaqudgha
Nemelex Xobeh
Qazlal
Ru
Sif Muna
Trog
Vehumet
Wu Jian
Yredelemnul
Zin

Shops:
D:7 [   D:9 =

Annotations:
D:3 2 transporters, feta's ghost, amateur GrEE
D:4 exclusion: oklob sapling


Innate Abilities, Weirdness & Mutations

You have sharp fingernails.
You are mostly covered in large bone plates. (SH +6)
You regenerate a lot of health from kills.
You are immune to rotting.


Message History

Aim: a centaur warrior, wielding a +2 vorpal shortbow and quivering 15 arrows (lightly wounded)
You miscast Mephitic Cloud.
You are very lightly contaminated with residual magic.
Nothing appears to happen.
The centaur warrior shoots an arrow.
The arrow hits you!!
* * * LOW HITPOINT WARNING * * *
x2
Casting: Mephitic Cloud (dangerous; 6% risk of failure)
Confirm with . or Enter, or press ? or * to list all spells.
Aiming: Mephitic Cloud (dangerous; 6% risk of failure)
Press: ? - help, Shift-Dir - straight line, f/p - centaur warrior
Aim: a centaur warrior, wielding a +2 vorpal shortbow and quivering 14 arrows (lightly wounded)
The ball explodes into a vile cloud!
The stinking cloud engulfs the centaur warrior but does no damage.
The centaur warrior is lightly wounded.
The centaur warrior is engulfed in noxious fumes.
The centaur warrior shoots an arrow.
You block the arrow.
The centaur warrior is engulfed in noxious fumes.
The centaur warrior shoots an arrow.
The arrow hits you!
You die...
Your body crumbles into a pile of gold.

...........# ##.....
...........## ##......
............## #.. ##.......
.)...........# #..# #........
.............# ##..# #........
.............###○.# #........
...............§c# ##.......
...............○§# #.......
................@# ####.......
................(######..........
.................(#(.(..##.......
.............##.°.....####...)...
.............###.....## #.......
.............# ##....# #.......
.............# ##...## ##......
.............# ###..## #..)...
.............## ##..## #......


You could see a centaur warrior.

Vanquished Creatures
  A two-headed ogre (D:9)
  Pikel (D:5)
  A cyclops (D:8)
  Prince Ribbit (D:5)
  2 hornets
  Edmund (D:5)
  A water moccasin (D:7)
  A sky beast (D:5)
  A black bear (D:9)
  A necrophage (D:8)
  4 phantoms
  4 ogres
  3 centaurs
  3 lemures (D:5)
  5 bullfrogs
  A scorpion (D:6)
  6 killer bees (D:7)
  A howler monkey (D:5)
  A centaur zombie (D:7)
  2 jellies
  A bullfrog skeleton (D:7)
  3 hounds
  An orc priest (D:3)
  7 worker ants
  3 orc wizards
  An iguana (D:8)
  2 hound skeletons
  2 worker ant zombies (D:7)
  A howler monkey skeleton (D:8)
  4 gnolls (D:8)
  8 adders
  4 white imps
  2 ufetubi (D:9)
  An ooze (D:1)
  An adder skeleton (D:4)
  A dart slug (D:3)
  6 leopard geckos
  9 orcs
  6 bats
  5 giant cockroaches
  7 goblins
  12 hobgoblins
  2 jackals (D:4)
  5 quokkas
  2 ball pythons
  7 frilled lizards
  A jackal skeleton (D:6)
  8 kobolds
  A leopard gecko zombie (D:6)
  5 rats
159 creatures vanquished.

Vanquished Creatures (others)
  22 plants (D:4)
22 creatures vanquished.

Grand Total: 181 creatures vanquished

Notes
Turn   | Place    | Note
-------+----------+-------------------------------------------
     0 | D:1      | Chiseanne the Demonspawn Hedge Wizard began the quest for
                  | the Orb.
     0 | D:1      | Reached XP level 1. HP: 13/13 MP: 4/4
    11 | D:1      | Noticed a minotaur zombie
    13 | D:1      | Noticed a minotaur zombie
    15 | D:1      | Noticed a minotaur zombie
   350 | D:1      | Gained mutation: You regenerate a little health from kills.
                  | [demonic ancestry]
   350 | D:1      | Reached XP level 2. HP: 19/19 MP: 0/6
  1065 | D:1      | Reached skill level 2 in Conjurations
  1468 | D:2      | Found a basalt altar of Yredelemnul.
  1663 | D:2      | Gained mutation: You regenerate health from kills. [demonic
                  | ancestry]
  1663 | D:2      | Reached XP level 3. HP: 24/24 MP: 0/8
  3096 | D:3      | Gained mutation: You regenerate a lot of health from kills.
                  | [demonic ancestry]
  3096 | D:3      | Reached XP level 4. HP: 30/30 MP: 6/9
  3149 | D:3      | Found an ornate altar of the Wu Jian Council.
  3182 | D:3      | Reached skill level 3 in Conjurations
  3446 | D:3      | Learned a level 2 spell: Blink
  3450 | D:3      | Learned a level 3 spell: Mephitic Cloud
  3488 | D:3      | Gained mutation: You have sharp fingernails. [demonic
                  | ancestry]
  3488 | D:3      | Reached XP level 5. HP: 35/35 MP: 3/11
  3586 | D:3      | Found a faded altar of an unknown god.
  3637 | D:3      | Found an opulent altar of Gozag.
  3637 | D:3      | Found a glowing silver altar of Zin.
  3651 | D:3      | Became a worshipper of Gozag Ym Sagoz the Greedy
  3879 | D:3      | Found a transporter.
  3889 | D:3      | Noticed feta's ghost (amateur GrEE)
  3901 | D:3      | Found a transporter.
  4778 | D:4      | Reached skill level 4 in Conjurations
  4809 | D:4      | Noticed a phantom
  4840 | D:4      | Killed a phantom
  4840 | D:4      | Reached skill level 5 in Spellcasting
  4840 | D:4      | Gained mutation: You are immune to rotting. [demonic
                  | ancestry]
  4840 | D:4      | Reached XP level 6. HP: 32/41 MP: 0/13
  5386 | D:4      | Found a staircase to the Ecumenical Temple.
  5677 | D:5      | Entered Level 5 of the Dungeon
  5824 | D:5      | Noticed a sky beast
  5830 | D:5      | Reached skill level 5 in Conjurations
  5830 | D:5      | Reached XP level 7. HP: 46/46 MP: 10/15
  6097 | D:5      | Noticed Prince Ribbit
  6108 | D:5      | Killed Prince Ribbit
  6108 | D:5      | Reached skill level 6 in Conjurations
  6385 | D:5      | Noticed Pikel
  6586 | D:5      | Killed Pikel
  6586 | D:5      | Reached skill level 7 in Conjurations
  6586 | D:5      | Gained mutation: You are partially covered in large bone
                  | plates. (SH +4) [demonic ancestry]
  6586 | D:5      | Reached XP level 8. HP: 34/52 MP: 1/18
  6985 | D:5      | Noticed Edmund
  7001 | D:5      | Killed Edmund
  7151 | D:5      | Found a bloodstained altar of Trog.
  7152 | D:5      | Found a shimmering blue altar of Sif Muna.
  7152 | D:5      | Found a sparkling altar of Nemelex Xobeh.
  7158 | D:5      | Found a snail-covered altar of Cheibriados.
  7389 | D:5      | Reached skill level 8 in Conjurations
  7505 | D:6      | Found a radiant altar of Vehumet.
  7817 | D:6      | Found a stormy altar of Qazlal.
  7870 | D:6      | Found an ancient bone altar of Kikubaaqudgha.
  7870 | D:6      | Found a sacrificial altar of Ru.
  7870 | D:6      | Found a broken altar of Ashenzari.
  8464 | D:6      | Reached XP level 9. HP: 57/57 MP: 14/21
  9022 | D:7      | You fall into a shaft and drop 1 floor!
  9245 | D:7      | Bought a dazzling buckler for 294 gold pieces
  9252 | D:7      | Identified the +0 buckler of Articulation {*Slow rN+ Slay+2
                  | SInv} (You bought it in a shop on level 7 of the Dungeon)
  9565 | D:7      | Reached skill level 1 in Shields
 10329 | D:8      | Found a shadowy altar of Dithmenos.
 10425 | D:8      | Noticed a cyclops
 10447 | D:8      | Killed a cyclops
 10841 | D:8      | Reached skill level 5 in Shields
 10841 | D:8      | Reached skill level 9 in Conjurations
 11435 | D:9      | Found Axiwumug's Jewellery Shoppe.
 11443 | D:9      | Bought a cursed ring of attention for 67 gold pieces
 11654 | D:9      | Gained mutation: You are mostly covered in large bone
                  | plates. (SH +6) [demonic ancestry]
 11654 | D:9      | Reached XP level 10. HP: 63/63 MP: 19/23
 11733 | D:9      | Noticed a two-headed ogre
 11762 | D:9      | Killed a two-headed ogre
 11762 | D:9      | Reached skill level 10 in Conjurations
 12155 | D:9      | Noticed a centaur warrior
 12170 | D:9      | Shot with an arrow by a centaur warrior

Illustrated notes

Levels and vault maps discovered:
D:1:      shiori_arrival_whats_in_store_for_you, layout_basic
D:2:      layout_basic, old_standard_altar
D:3:      layout_basic, grunt_temple_overflow_gold_and_silver,
          lemuel_crystal_altar, chequers_ecumenical_altar_grove,
          gammafunk_ghost_stat_death, kennysheep_path_1
D:4:      layout_loops_corners, minmay_temple_entry_oklob
D:5:      minmay_clustersquares, layout_gridville,
          chequers_temple_overflow_statue_of_worship, uniq_prince_ribbit1,
          uniq_pikel, uniq_edmund
D:6:      layout_basic, grunt_temple_overflow_open, serial_co_window_serial,
          co_window_of_opportunity_a, co_window_corner_a, co_window_corner_a,
          co_window_paths_b, co_window_paths_b, co_window_broadway_a,
          co_window_unsneaky_path_c, co_window_2corner, co_window_corner_b,
          co_window_of_opportunity_b, co_window_paths_c, glass_columns_a,
          glass_columns_a, basic_altar
D:7:      layout_gridville, grunt_decor_junction
D:8:      layout_layer_cave, lemuel_coloured_pillars_altar,
          kennysheep_big_empty_room, moated_statue
D:9:      layout_layer_cave, serial_shops, shop_fountains

Skill      XL: |  1  2  3  4  5  6  7  8  9 10 |
---------------+-------------------------------+-----
Conjurations   | 2 3 4 5 7 8 9 10 | 10.0
Spellcasting   | 4 5 7 8 9 |  9.6
Shields        | 5 |  5.0
Dodging        | |  1.7
Stealth        | |  1.7
Summonings     | |  1.0
Translocations | |  0.8

Action                   |  1- 3 |  4- 6 |  7- 9 | 10-12 || total
-------------------------+-------+-------+-------+-------++-------
Melee: Dagger            |     4 |    12 |    85 |       ||   101
       Short sword       |    12 |       |       |       ||    12
       Flail             |       |       |     5 |       ||     5
 Fire: Hunting sling     |       |    14 |    43 |    28 ||    85
Throw: Dart              |       |       |     4 |       ||     4
 Cast: Magic Dart        |   120 |   127 |   171 |     1 ||   419
       Mephitic Cloud    |       |     2 |    28 |     6 ||    36
       Blink             |       |       |     7 |     4 ||    11
Invok: Call Merchant     |       |       |     1 |       ||     1
Evoke: Wand              |       |       |     3 |       ||     3
  Use: Scroll            |     9 |       |    11 |       ||    20
       Potion            |       |       |     1 |     1 ||     2
 Stab: Confused          |       |     1 |     8 |       ||     9
       Sleeping          |       |       |     1 |       ||     1
Armor: Robe              |     8 |     4 |    15 |     1 ||    28
Dodge: Dodged            |    25 |    23 |    53 |     6 ||   107
Block: Other             |       |       |     5 |       ||     5
       Buckler           |       |       |    14 |    13 ||    27

Table legend: (Time is in decaauts)
 A = Elapsed time spent in this place.
 B = Non-inter-level travel time spent in this place.
 C = Inter-level travel time spent in this place.
 D = Time resting spent in this place.
 E = Time spent auto-exploring this place.
 F = Levels seen in this place.
 G = Mean time per level.
                   A        B        C        D        E       F      G
               +--------+--------+--------+--------+--------+-----+--------+
         Total |  12161 |  11844 |    317 |   3644 |   6778 |   9 | 1351.2 |
       Dungeon |  12161 |  11844 |    317 |   3644 |   6778 |   9 | 1351.2 |
               +--------+--------+--------+--------+--------+-----+--------+

Top non-repeatable levels by time:
     D:5: 1826 daAuts
     D:4: 1622 daAuts
     D:6: 1463 daAuts
     D:1: 1463 daAuts
     D:2: 1297 daAuts
     D:3: 1289 daAuts
     D:7: 1157 daAuts
     D:8: 1063 daAuts
     D:9: 976 daAuts
